 Dungeon Crawl Stone Soup version 0.29-a0-333-gb4c28e87c6 (webtiles) character file.

Game seed: 11725448715801644965

39 Jortsu the Skirmisher (level 3, -5/29 HPs)
             Began as a Demonspawn Fighter on Apr 13, 2022.
             Was an Initiate of Ashenzari.
             Killed from afar by Natasha (7 damage)
             ... with a magic dart
             ... on level 1 of the Dungeon.
             The game lasted 00:02:55 (934 turns).

Jortsu the Skirmisher (Demonspawn Fighter)           Turns: 934, Time: 00:02:55

Health: -5/29      AC:  0    Str: 18    XL:     3   Next: 26%
Magic:  3/3        EV: 17    Int:  9    God:    Ashenzari [......]
Gold:   70         SH:  0    Dex: 17    Spells: 2/2 levels left

rFire   . . .      SeeInvis .   (weapon currently unavailable)
rCold   . . .      Faith    .   (shield currently unavailable)
rNeg    . . .      Spirit   .   (body armour currently unavailable)
rPois   .          Reflect  .   (helmet currently unavailable)
rElec   .          Harm     .   (cloak currently unavailable)
rCorr   .          Rampage  .   (gloves currently unavailable)
Will    .....                   (boots currently unavailable)
Stlth   ++........              (no amulet)
HPRegen 0.09/turn               (ring currently unavailable)
MPRegen 0.08/turn               (ring currently unavailable)

@: bat-form, flying, very quick
A: fast, flying, no casting, tiny, (slimy green scales 1), powered by death 1
a: Renounce Religion, Shatter the Chains


You were on level 1 of the Dungeon.
You worshipped Ashenzari.
Ashenzari was noncommittal.
You were a bat.
You visited 1 branch of the dungeon, and saw 2 of its levels.

You collected 70 gold pieces.

Inventory:

Hand Weapons
 a - a +0 war axe (melded)
Armour
 b - a +0 scale mail (melded)
 c - the cursed +0 buckler of the Shattered Stars (melded) {Fort, Self}

   It has a curse which improves the following skills: Fortitude: Armour and
   Shields.
   Introspection: Fighting and Spellcasting.
Potions
 d - a potion of might
 e - 2 potions of curing


   Skills:
 + Level 3.2 Fighting
 + Level 2.2 Axes
 + Level 3.1 Armour
 + Level 0.2 Dodging
 + Level 3.1 Shields


You had 2 spell levels left.
You didn't know any spells.
Your spell library contained the following spells:

 Spells                   Type           Power      Damage    Failure   Level
 Slow                     Hex            0%         N/A       38%         1
 Confusing Touch          Hex            0%         N/A       77%         3
 Vampiric Draining        Necr           0%         2d6       77%         3


Dungeon Overview and Level Annotations

Branches:
Dungeon (2/15)

Altars:
Ashenzari

Annotations:
D:1 Natasha
D:2 Robin


Innate Abilities, Weirdness & Mutations

You are a bat.
You are tiny and dextrous.
You move quickly.
You are flying.
Your equipment is almost entirely melded.
You are incapable of wielding weapons or throwing items.
You cannot cast spells.
((You are partially covered in slimy green scales. (AC +2)))
You regenerate a little health from kills.


Message History

Natasha is lightly wounded.
Natasha zaps a wand.
You resist with significant effort.
Natasha zaps a wand.
You turn into a bat.
Your +0 war axe melds into your body.
The cursed +0 buckler of the Shattered Stars {Fort, Self} melds into your body.
Your +0 scale mail melds into your body.
You hit Natasha but do no damage.
Natasha is lightly wounded.
The iron imp disappears in a puff of smoke!
Robin throws the goblin at you! Natasha completely misses you.
The goblin unwields a +0 hunting sling.
The goblin wields a +0 dagger.
The goblin closely misses you. A mysterious force pulls you upwards.
The hatch slams shut behind you.
The crimson imp disappears in a puff of smoke!
You hit Natasha.
Natasha is lightly wounded.
Natasha claws you. The goblin hits you with a +0 dagger.
You hit Natasha.
Natasha is moderately wounded.
Natasha claws you. The goblin hits you with a +0 dagger.
* * * LOW HITPOINT WARNING * * *
You hit Natasha but do no damage.
Natasha is moderately wounded.
Natasha completely misses you. The goblin barely misses you.
You hit Natasha but do no damage.
Natasha is moderately wounded.
Natasha misses you. The goblin completely misses you.
You hit Natasha but do no damage.
Natasha is moderately wounded.
Natasha casts a spell.
The goblin hits you with a +0 dagger.
* * * LOW HITPOINT WARNING * * *
You hit Natasha.
Natasha is moderately wounded.
Natasha mumbles some strange words.
The goblin misses you.
You barely miss Natasha.
Natasha is moderately wounded.
Natasha stares at you and mumbles some strange words.
The magic dart hits you!
You die...

#.#
#.#####
#.###
#......
#...#
#######
###.#
#.# #.#
#.# #g#
#b# #h#
#5# #5#
#.#
########
#.#
#.......
#.#
#.######
#.# #.#
#.# #.#


You could see Natasha, 2 crimson imps and a goblin (strong).

Vanquished Creatures
  A dart slug (D:2)
  2 ball pythons (D:1)
  4 bats (D:1)
  2 endoplasms (D:1)
  A giant cockroach (D:1)
  3 hobgoblins
  2 quokkas (D:1)
  A frilled lizard (D:1)
  10 goblins
  2 kobolds (D:1)
  5 rats
33 creatures vanquished.

Vanquished Creatures (others)
  2 demonic plants (D:1)
  3 fungi (D:1)
  2 plants (D:1)
  A withered plant (D:1)
8 creatures vanquished.

Grand Total: 41 creatures vanquished

Notes
Turn   | Place    | Note
-------+----------+-------------------------------------------
     0 | D:1      | Jortsu the Demonspawn Fighter began the quest for the Orb.
     0 | D:1      | Reached XP level 1. HP: 18/18 MP: 1/1
   244 | D:1      | Found a faded altar of an unknown god.
   265 | D:1      | Gained mutation: You regenerate a little health from kills.
                  | [demonic ancestry]
   265 | D:1      | Reached XP level 2. HP: 22/24 MP: 2/2
   271 | D:1      | Prayed at the altar of an unknown god.
   271 | D:1      | Became a worshipper of Ashenzari the Shackled
   895 | D:2      | Noticed Robin
   895 | D:2      | Noticed Natasha
   904 | D:2      | Noticed a crimson imp
   907 | D:2      | Gained mutation: You are partially covered in slimy green
                  | scales. (AC +2) [demonic ancestry]
   907 | D:2      | Reached XP level 3. HP: 21/29 MP: 3/3
   934 | D:1      | Killed from afar by Natasha

Illustrated notes

Levels and vault maps discovered:
D:1:      minmay_arrival_three_doors, layout_loops_ring,
          shapermc_ecumenical_altar_gd
D:2:      layout_rooms, minmay_goblin_outpost, uniq_robin, uniq_natasha

Skill      XL: |  1  2 |
---------------+-------+-----
Armour         | 3 |  3.1
Shields        | 3 |  3.1
Axes           | 2 |  2.2
Fighting       | |  3.2
Dodging        | |  0.2

Action                   || total
-------------------------++-------
Melee: War axe           ||    80
       Unarmed           ||     8
Invok: Curse Item        ||     1
  Use: Scroll            ||     1
Armor: Scale mail        ||    76
Dodge: Dodged            ||    72
Block: Buckler           ||    32

Table legend: (Time is in decaauts)
 A = Elapsed time spent in this place.
 B = Non-inter-level travel time spent in this place.
 C = Inter-level travel time spent in this place.
 D = Time resting spent in this place.
 E = Time spent auto-exploring this place.
 F = Levels seen in this place.
 G = Mean time per level.
                   A        B        C        D        E       F      G
               +--------+--------+--------+--------+--------+-----+--------+
         Total |    969 |    951 |     18 |      0 |    687 |   2 |  484.5 |
       Dungeon |    969 |    951 |     18 |      0 |    687 |   2 |  484.5 |
               +--------+--------+--------+--------+--------+-----+--------+

Top non-repeatable levels by time:
     D:1: 930 daAuts
     D:2: 39 daAuts
